 Dungeon Crawl Stone Soup version 0.31.0-11-ge490571c62 (webtiles) character file.

Game seed: 16916963122101556619

101 LobsterGuardian the Chopper (level 4, 0/60 HPs)
             Began as a Hill Orc Monk on Feb 1, 2024.
             Slain by a gnoll
             ... wielding a +0 halberd
              (2 damage)
             ... on level 1 of the Dungeon.
             The game lasted 00:04:10 (1766 turns).

LobsterGuardian the Chopper (Hill Orc Monk)         Turns: 1766, Time: 00:04:10

Health: 0/60       AC: 22    Str: 15    XL:     4   Next: 75%
Magic:  4/4        EV:  2    Int: 10    God:
Gold:   64         SH:  4    Dex: 13    Spells: 3/3 levels left

rFire   . . .        a - +0 hand axe
rCold   . . .        f - +0 buckler
rNeg    . . .        e - melded +0 leather armour
rPois   +            (helmet currently unavailable)
rElec   .            (cloak currently unavailable)
rCorr   .            (gloves currently unavailable)
SInv    .            m - melded +0 pair of boots
Will    .....        (no amulet)
Stlth   +            (no ring)
HPRegen 0.30/turn    (no ring)
MPRegen 0.09/turn

%: no passive effects
@: tree-form
A: stationary, stasis, torment immunity, boosted hp
a: no special abilities


You were on level 1 of the Dungeon.
You were a tree.
You visited 1 branch of the dungeon, and saw 2 of its levels.

You collected 64 gold pieces.

Inventory:

Hand Weapons
 a - a +0 hand axe (weapon)
Armour
 d - an orb of light
 e - a +0 leather armour (melded)
 f - a +0 buckler (worn)
 m - a +0 pair of boots (melded)
Scrolls
 b - a scroll of identify
 c - 3 scrolls of immolation
 g - a scroll of enchant armour
 h - a scroll of enchant weapon
 i - a scroll of amnesia
 j - a scroll of poison
 k - a scroll of teleportation
 o - a scroll of fog {unknown}
 q - a scroll of acquirement {unknown}
Potions
 l - a potion of magic


   Skills:
 + Level 4.1 Fighting
 * Level 5.9 Axes
 + Level 1.3 Armour
 + Level 2.7 Dodging
 + Level 0.4 Shields


You had 3 spell levels left.
You didn't know any spells.
Your spell library contained the following spells:

 Spells                   Type           Power      Damage    Failure   Level
 Magic Dart               Conj           0%         1d3       45%         1
 Blink                    Tloc           0%         N/A       61%         2
 Call Imp                 Summ           0%         N/A       61%         2


Dungeon Overview and Level Annotations

Branches:
Dungeon (2/15)

Altars:


Message History

The gnoll hits you with a +0 halberd.
There is a stone staircase leading up, spattered with blood here.
The gnoll closely misses you. The gnoll hits you with a +0 spear.
The gnoll completely misses you.
You climb upwards.
There is a stone staircase leading down here.
Unknown command.
Unknown command.
You hit the gnoll but do no damage. x2; The gnoll hits you with a +0 spear.
The gnoll closely misses you.
It was a potion of magic.
Magic courses through your body. The gnoll barely misses you.
The gnoll closely misses you.
You hit the gnoll but do no damage. You hit the gnoll. The gnoll misses you.
You block the gnoll's attack.
You barely miss the gnoll. You hit the gnoll but do no damage.
You block the gnoll's attack. The gnoll hits you with a +0 halberd!
* * * LOW HITPOINT WARNING * * *
Unknown command.
It was a potion of curing.
You feel better. The gnoll barely misses you.
The gnoll hits you with a +0 halberd.
* * * LOW HITPOINT WARNING * * *
It was a potion of lignification.
You turn into a tree.
Your +0 pair of boots melds into your body.
Your +0 leather armour melds into your body.
Your roots penetrate the ground.
The gnoll hits you but does no damage. x2
You hit the gnoll but do no damage. You hit the gnoll.
The gnoll hits you with a +0 spear.
* * * LOW HITPOINT WARNING * * *
The gnoll hits you with a +0 halberd.
* * * LOW HITPOINT WARNING * * *
The gnoll hits you with a +0 spear.
* * * LOW HITPOINT WARNING * * *
Unknown command.
As you read the scroll of identify, it crumbles to dust.
c - 3 scrolls of immolation The gnoll hits you but does no damage. x2
As you read the scroll labelled MUGOUP VUDIC, it crumbles to dust.
You feel a surge of unholy energy.
The gnoll convulses! x2
It was a scroll of torment.
The gnoll hits you with a +0 halberd.
You die...

#.....############...........###.
#..................###.....#.#.#.
.........########................
...##....###### #.....#.##..##...
...##.........###.....#.##.##....
...##..........##.....#.##..##.#.
...##....####..)#.....#.###....##
...'..#'#####.#g.)......# ####..#
...##.#.# #.....♣g.##.### ##..
#'#####.# #.#.#######.# ###
#.......# #...# #.# #########
##### #.#### #.# #....# #.#
####.# #.# #.# #.# #.# #.# #.#


You could see 2 gnolls.

Vanquished Creatures
  2 gnolls (D:1)
  An adder (D:2)
  2 ribbon worms (D:2)
  A dart slug (D:1)
  3 orcs (D:2)
  9 endoplasms
  5 giant cockroaches (D:1)
  4 goblins
  6 hobgoblins
  2 quokkas (D:1)
  6 ball pythons
  2 bats
  A frilled lizard (D:1)
  9 kobolds
  4 rats
57 creatures vanquished.

Notes
Turn   | Place    | Note
-------+----------+-------------------------------------------
     0 | D:1      | LobsterGuardian the Hill Orc Monk began the quest for the
                  | Orb.
     0 | D:1      | Reached XP level 1. HP: 19/19 MP: 1/1
   152 | D:1      | Reached XP level 2. HP: 27/27 MP: 2/2
   251 | D:1      | Reached skill level 5 in Axes
   251 | D:1      | Reached XP level 3. HP: 8/33 MP: 3/3
  1139 | D:2      | Reached XP level 4. HP: 35/40 MP: 4/4
  1320 | D:2      | Found a faded altar of an unknown god.
  1443 | D:2      | Reached skill level 1 in Armour
  1764 | D:1      | HP: 3/60 [gnoll/+0 halberd (6)]
  1766 | D:1      | Slain by a gnoll

Illustrated notes

Levels and vault maps discovered:
D:1:      saegor_arrival_simple_d, layout_basic, minmay_hexomino_u4
D:2:      minmay_spotlight, layout_rooms, serial_shops, shop,
          shapermc_ecumenical_altar_mp_highgroup, guppyfry_early_orc_mine

Skill      XL: |  1  2  3  4 |
---------------+-------------+-----
Axes           | 5 |  5.9
Fighting       | 4 |  4.1
Armour         | 1 |  1.3
Dodging        | |  2.7
Shields        | |  0.4

Action                     |  1- 3 |  4- 6 || total
---------------------------+-------+-------++-------
  Melee: Hand axe          |   102 |    99 ||   201
    Use: Scroll            |     5 |     2 ||     7
         Potion            |       |     4 ||     4
 Armour: Robe              |     4 |       ||     4
         Leather armour    |    43 |    52 ||    95
         Skin              |       |     8 ||     8
  Dodge: Dodged            |    66 |    51 ||   117
  Block: Buckler           |     7 |    18 ||    25
